 Dungeon Crawl Stone Soup version 0.29-a0-241-g20d21d4356 (webtiles) character file.

Game seed: 5537734591694308476

84 Ordine the Cudgeller (level 4, -2/27 HPs)
             Began as a Tengu Warper on Mar 4, 2022.
             Slain by Terence
             ... wielding a +0 mace
              (5 damage)
             ... on level 2 of the Dungeon.
             The game lasted 00:04:14 (2260 turns).

Ordine the Cudgeller (Tengu Warper)                 Turns: 2260, Time: 00:04:14

Health: -2/27      AC:  3    Str: 13    XL:     4   Next: 45%
Magic:  8/8        EV: 12    Int: 14    God:
Gold:   35         SH:  0    Dex: 13    Spells: 7/7 levels left

rFire   . . .      SeeInvis .   a - +0 mace
rCold   . . .      Faith    .   (no shield)
rNeg    . . .      Spirit   .   b - +0 leather armour
rPois   .          Reflect  .   (helmet restricted)
rElec   .          Harm     .   (no cloak)
rCorr   .          Rampage  .   (no gloves)
Will    .....                   (boots unavailable)
Stlth   +.........              (no amulet)
HPRegen 0.09/turn               (no ring)
MPRegen 0.11/turn               (no ring)

@: no status effects
A: beak, talons 3
a: no special abilities


You were on level 2 of the Dungeon.
You visited 1 branch of the dungeon, and saw 2 of its levels.

You collected 91 gold pieces.
You spent 56 gold pieces at shops.

Inventory:

Hand Weapons
 a - a +0 mace (weapon)
Missiles
 d - 4 boomerangs of dispersal (quivered)
Armour
 b - a +0 leather armour (worn)
Jewellery
 f - a ring of magical power
Scrolls
 c - a scroll of blinking
 e - a scroll of teleportation
 g - a scroll of enchant armour
Potions
 i - a potion of haste


   Skills:
 + Level 2.7 Fighting
 * Level 3.9 Maces & Flails
 + Level 2.1 Throwing
 - Level 1.1 Armour
 - Level 2.1 Dodging
 - Level 2.0 Spellcasting
 - Level 2.4 Translocations


You had 7 spell levels left.
You didn't know any spells.
Your spell library contained the following spells:

 Spells                   Type           Power      Damage    Failure   Level
 Blink                    Tloc           16%        N/A       17%         2
 Gell's Gravitas          Tloc           8%         N/A       34%         3
 Lesser Beckoning         Tloc           8%         N/A       34%         3
 Teleport Other           Tloc           8%         N/A       34%         3
 Manifold Assault         Tloc           8%         N/A       97%         5
 Fireball                 Conj/Fire      0%         3d3       100%        5
 Iskenderun's Battlesphe  Conj           1%         2d6       100%        5
 Conjure Ball Lightning   Conj/Air       0%         3x3d6     100%        6
 Orb of Destruction       Conj           0%         9d5       100%        7
 Storm Form               Tmut/Air       0%         N/A       100%        7


Dungeon Overview and Level Annotations

Branches:
Dungeon (2/15)

Altars:

Shops:
D:2 ?

Annotations:
D:2 Terence


Innate Abilities, Weirdness & Mutations

You have a beak for a mouth.
You have claws for feet.


Message History

The kobold hits you with a +0 short sword.
Terence shouts!
You hit the kobold.
The kobold is severely wounded.
The kobold hits you but does no damage. The kobold misses you.
You hit the kobold. Your kick misses the kobold. Your peck misses the kobold.
The kobold is severely wounded.
The kobold hits you but does no damage.
You hit the kobold.
You kill the kobold!
Terence barely misses you.
You hit Terence. Your kick misses Terence. Your peck misses Terence.
Terence is moderately wounded.
Terence hits you with a +0 mace.
You closely miss Terence. You claw Terence.
Terence is moderately wounded.
Terence hits you with a +0 mace.
You hit Terence but do no damage. You peck Terence, but do no damage.
Terence is moderately wounded.
Terence drinks a potion.
Terence goes berserk!
You hit Terence. You claw Terence. You peck Terence, but do no damage.
Terence is heavily wounded.
Terence closely misses you. Terence hits you with a +0 mace!
Ouch! That really hurt!
* * * LOW HITPOINT WARNING * * *
You are too injured to fight recklessly!
You are too injured to fight recklessly!
Okay, then.
You are too injured to fight recklessly!
You are too injured to fight recklessly!
You are too injured to fight recklessly!
You are too injured to fight recklessly!
Throw: 5 boomerangs (disperse)
Press: ? - help, Q - select action Shift-Dir - straight line, f - Terence
Aim: Terence, wielding a +0 mace and wearing a +0 scale mail (heavily wounded, berserk, 63% to hit)
You throw a boomerang of dispersal.
The boomerang of dispersal hits Terence but does no damage.
Terence is heavily wounded.
Terence barely misses you. Terence hits you with a +0 mace.
You die...

#.. ..#.... #....... #..#
##. #...# #.......
#..##..##.#.# ..#.......
#......#....###.........
.. #....##..#..########...
...#....#..##.............
............##.#######....
.............#.#######....
......)..@...#....##......
..........@..####....#....
............$# ##.....##.
.............# #.......#.
............#......####.##
...........#........ ..#
.................... ....
.................... ....
......... ....


You could see Terence (berserk).

Vanquished Creatures
  3 gnolls
  2 adders (D:2)
  A dart slug (D:2)
  2 ball pythons
  5 bats (D:1)
  An endoplasm (D:2)
  3 goblins
  6 hobgoblins
  2 jackals (D:2)
  A quokka (D:1)
  A frilled lizard (D:1)
  6 kobolds
  3 rats
36 creatures vanquished.

Vanquished Creatures (others)
  2 plants (D:1)
2 creatures vanquished.

Grand Total: 38 creatures vanquished

Notes
Turn   | Place    | Note
-------+----------+-------------------------------------------
     0 | D:1      | Ordine the Tengu Warper began the quest for the Orb.
     0 | D:1      | Reached XP level 1. HP: 12/12 MP: 4/4
   104 | D:1      | Reached XP level 2. HP: 9/17 MP: 6/6
   290 | D:1      | Found a faded altar of an unknown god.
   677 | D:1      | Reached skill level 3 in Maces & Flails
  1030 | D:2      | Reached XP level 3. HP: 3/22 MP: 7/7
  1030 | D:2      | HP: 1/22 [poisoned by an adder]
  1274 | D:2      | Noticed Terence
  1570 | D:2      | Reached XP level 4. HP: 6/27 MP: 8/8
  1794 | D:2      | Found Xujol's Magic Scroll Boutique.
  1946 | D:2      | Bought a scroll of identify for 28 gold pieces
  1946 | D:2      | Bought a scroll of identify for 28 gold pieces
  2260 | D:2      | Slain by Terence

Illustrated notes

Levels and vault maps discovered:
D:1:      saegor_arrival_simple_d, layout_basic,
          dreamdust_ecumenical_altar_grove, minmay_tetromino_i2
D:2:      layout_rooms, serial_shops, nicolae_shop_waterfront,
          minmay_misc_feat_iff, uniq_sigmund, uniq_terence

Skill      XL: |  1  2  3 |
---------------+----------+-----
Maces & Flails | 3 |  3.9
Throwing       | 2 |  2.1
Fighting       | |  2.7
Armour         | |  1.1
Dodging        | |  2.1
Spellcasting   | |  2.0
Translocations | |  2.4

Action                   |  1- 3 |  4- 6 || total
-------------------------+-------+-------++-------
Melee: Mace              |    71 |    34 ||   105
       Kick              |    12 |     9 ||    21
       Peck              |    14 |     3 ||    17
       Punch             |       |     1 ||     1
Throw: Boomerang         |       |     1 ||     1
  Use: Potion            |     2 |     1 ||     3
       Scroll            |       |     2 ||     2
Armor: Leather armour    |    42 |     8 ||    50
Dodge: Dodged            |    44 |    16 ||    60

Table legend: (Time is in decaauts)
 A = Elapsed time spent in this place.
 B = Non-inter-level travel time spent in this place.
 C = Inter-level travel time spent in this place.
 D = Time resting spent in this place.
 E = Time spent auto-exploring this place.
 F = Levels seen in this place.
 G = Mean time per level.
                   A        B        C        D        E       F      G
               +--------+--------+--------+--------+--------+-----+--------+
         Total |   2270 |   2175 |     95 |    274 |   1576 |   2 | 1135.0 |
       Dungeon |   2270 |   2175 |     95 |    274 |   1576 |   2 | 1135.0 |
               +--------+--------+--------+--------+--------+-----+--------+

Top non-repeatable levels by time:
     D:1: 1704 daAuts
     D:2: 566 daAuts
